 Dungeon Crawl Stone Soup version 0.30-a0-756-gc2185399d4 (webtiles) character file.

Game seed: 1961147224350212127

1314 Leeroy the Poker (level 8, -1/42 HPs)
             Began as a Vine Stalker Warper on Feb 9, 2023.
             Slain by a steam dragon (4 damage)
             ... on level 6 of the Dungeon.
             The game lasted 00:06:55 (4337 turns).

Leeroy the Poker (Vine Stalker Warper)              Turns: 4337, Time: 00:06:56

Health: -1/42      AC:  4    Str: 14    XL:     8   Next: 58%
Magic:  0/12       EV: 13    Int: 13    God:
Gold:   363        SH:  0    Dex: 16    Spells: 11/11 levels left

rFire   . . .      SeeInvis .    u - +5 Force Lance {heavy, knockback}
rCold   . . .      Faith    .    (no shield)
rNeg    . . .      Spirit   +    b - +0 leather armour
rPois   .          Reflect  .    (no helmet)
rElec   .          Harm     .    q - scarf {repulsion}
rCorr   .          Rampage  .    w - +0 pair of gloves
Will    +....                    (no boots)
Stlth   +                        (no amulet)
HPRegen 1.07/turn                (no ring)
MPRegen 0.13/turn                (no ring)

@: repel missiles
A: fangs 3, regeneration 1, magic shield, antimagic bite, no potion heal 2
a: no special abilities


You were on level 6 of the Dungeon.
You visited 1 branch of the dungeon, and saw 6 of its levels.

You collected 363 gold pieces.

Inventory:

Hand Weapons
 a - a +0 falchion
 r - a +2 trident of flaming
 u - the +5 Force Lance (weapon) {heavy, knockback}
   (You found it on level 3 of the Dungeon)
 y - a +1 dagger of venom
 C - a +2 whip of electrocution
Missiles
 d - 7 boomerangs of dispersal
 k - 20 poisoned darts (quivered)
 l - 9 boomerangs
Armour
 b - a +0 leather armour (worn)
 q - a scarf of repulsion (worn)
 w - a +0 pair of gloves (worn)
Wands
 t - a wand of quicksilver (11)
Scrolls
 c - 2 scrolls of blinking
 j - 2 scrolls of vulnerability {unknown}
 m - a scroll of noise {unknown}
 n - 2 scrolls of magic mapping {unknown}
 o - a scroll of amnesia {unknown}
 s - 7 scrolls of identify {unknown}
 v - a scroll of poison {unknown}
 x - 2 scrolls of teleportation {unknown}
 z - a scroll of immolation {unknown}
 A - a scroll of fog {unknown}
 D - a scroll of butterflies {unknown}
Potions
 e - a potion of resistance {unknown}
 f - 2 potions of haste
 g - a potion of might {unknown}
 h - 2 potions of curing
 i - a potion of invisibility
 p - 2 potions of magic {unknown}
 B - 2 potions of heal wounds {unknown}
 E - a potion of ambrosia {unknown}
 F - a potion of degeneration {unknown}
 G - a potion of brilliance {unknown}


   Skills:
 - Level 4.3 Fighting
 - Level 4.1 Long Blades
 - Level 5.6 Polearms
 - Level 0.8 Throwing
 - Level 0.7 Armour
 + Level 4.5 Dodging
 - Level 2.1 Spellcasting
 - Level 3.0 Translocations


You had 11 spell levels left.
You didn't know any spells.
Your spell library contained the following spells:

 Spells                   Type           Power      Damage    Failure   Level
 Blink                    Tloc           18%        N/A       14%         2
 Lesser Beckoning         Tloc           18%        N/A       14%         2
 Teleport Other           Tloc           9%         N/A       28%         3
 Magic Dart               Conj           4%         1d3       32%         1
 Call Imp                 Summ           1%         N/A       43%         2
 Ensorcelled Hibernation  Hex/Ice        2%         N/A       43%         2
 Vhi's Electric Charge    Tloc/Air       10%        N/A       45%         3
 Mephitic Cloud           Conj/Pois/Air  1%         N/A       67%         3
 Spider Form              Tmut/Pois      1%         N/A       67%         3
 Manifold Assault         Tloc           9%         N/A       67%         4
 Anguish                  Hex/Necr       0%         N/A       97%         4
 Borgnjor's Revivificati  Necr           0%         N/A       100%        8
 Necromutation            Tmut/Necr      0%         N/A       100%        8
 Death's Door             Necr           0%         N/A       100%        9


Dungeon Overview and Level Annotations

Branches:
Dungeon (6/15)
 Temple: D:4-7

Altars:
Dithmenos
Hepliaklqana
Yredelemnul

Shops:
D:4 =


Innate Abilities, Weirdness & Mutations

You have razor-sharp teeth.
Your natural rate of healing is unusually fast.
When hurt, damage is shared between your health and your magic reserves.
Your bite disrupts and absorbs the magic of your enemies.
Potions cannot restore your health.


Message History

You reach to attack!
You barely miss the steam dragon. You puncture the steam dragon!
The steam dragon is moderately wounded.
You are engulfed in a cloud of scalding steam.
The steam dragon breathes steam at you. The ball of steam hits you!
The steam dragon closely misses you. The steam dragon barely misses you.
You hear a bark!
You are engulfed in a cloud of scalding steam.
The steam dragon bites you. The steam dragon claws you.
You barely miss the steam dragon. Your bite misses the steam dragon.
The steam dragon is moderately wounded.
The steam dragon bites you. The steam dragon claws you.
* * * LOW HITPOINT WARNING * * *
You puncture the steam dragon! You bite the steam dragon. You drain its power.
You feel invigorated.
The steam dragon is heavily wounded.
A hound comes into view.
The steam dragon bites you.
* * * LOW HITPOINT WARNING * * *
The steam dragon claws you.
* * * LOW HITPOINT WARNING * * *
You closely miss the steam dragon. Your bite misses the steam dragon.
The steam dragon is heavily wounded.
The steam dragon breathes steam at you. The ball of steam misses you.
The steam dragon bites you!
* * * LOW HITPOINT WARNING * * *
The steam dragon closely misses you.
You barely miss the steam dragon. Your bite misses the steam dragon.
The steam dragon is heavily wounded.
The steam dragon bites you.
* * * LOW HITPOINT WARNING * * *
The steam dragon barely misses you.
You hit the steam dragon. You punch the steam dragon.
Your bite misses the steam dragon.
The steam dragon is severely wounded.
The steam dragon breathes steam at you. The ball of steam misses you.
The hound misses you. The steam dragon bites you.
You die...

#. ##.#.
###.##....
#........#
..≈.8.≈..#
..≈.!.≈§§#
..≈≈.≈≈..#
#.≈≈.≈≈§.#
#.≈≈.≈≈§@# #.#
#.≈≈_≈≈Dh# #.#
#.≈≈≈≈≈..####.#..
#..≈≈≈...........
#...........#.#
.......##.###.#
##..### #.###.#
#.# ##..<#.#####
... #....).....#


You could see a steam dragon (catching breath) and a hound.

Vanquished Creatures
  A shadow (D:5)
  A centaur (D:5)
  2 phantoms
  2 necrophages
  A gnoll sergeant (D:6)
  3 scorpions (D:4)
  A howler monkey (D:5)
  3 hounds (D:5)
  2 orc priests (D:4)
  2 jellies (D:5)
  2 orc wizards (D:4)
  8 gnolls
  7 adders
  2 white imps (D:6)
  2 worms
  2 dart slugs
  14 orcs
  8 endoplasms
  3 giant cockroaches
  4 goblins
  7 hobgoblins
  4 jackals (D:3)
  11 kobolds
  4 quokkas
  4 ball pythons
  6 bats
  7 frilled lizards
  3 rats
116 creatures vanquished.

Vanquished Creatures (others)
  An orc wizard (D:4)
  A kobold (D:4)
2 creatures vanquished.

Grand Total: 118 creatures vanquished

Notes
Turn   | Place    | Note
-------+----------+-------------------------------------------
     0 | D:1      | Leeroy the Vine Stalker Warper began the quest for the Orb.
     0 | D:1      | Reached XP level 1. HP: 11/11 MP: 4/4
   268 | D:1      | Reached XP level 2. HP: 14/15 MP: 4/6
  1135 | D:2      | Reached XP level 3. HP: 3/18 MP: 0/7
  1351 | D:2      | Found a faded altar of an unknown god.
  1479 | D:2      | Gained mutation: Your natural rate of healing is unusually
                  | fast. [Vine Stalker growth]
  1479 | D:2      | Reached XP level 4. HP: 23/23 MP: 8/8
  2421 | D:3      | Found the +5 Force Lance {heavy, knockback}
  2625 | D:4      | Reached XP level 5. HP: 27/27 MP: 9/9
  2629 | D:4      | Noticed a phantom
  2635 | D:4      | Killed a phantom
  2713 | D:4      | Found Noovvy's Jewellery Boutique.
  2731 | D:4      | Reached XP level 6. HP: 28/33 MP: 6/10
  2739 | D:4      | HP: 2/49 [poisoned by an orc wizard]
  2760 | D:4      | Reached skill level 1 in Polearms
  2878 | D:4      | Reached skill level 2 in Polearms
  2990 | D:4      | Reached skill level 3 in Polearms
  2990 | D:4      | Reached XP level 7. HP: 26/38 MP: 7/11
  3146 | D:4      | Reached skill level 4 in Polearms
  3278 | D:4      | Found a basalt altar of Yredelemnul.
  3278 | D:4      | Found a hazy altar of Hepliaklqana.
  3338 | D:5      | Entered Level 5 of the Dungeon
  3431 | D:5      | Reached skill level 5 in Polearms
  3590 | D:5      | Gained mutation: You have razor-sharp teeth. [Vine Stalker
                  | growth]
  3590 | D:5      | Reached XP level 8. HP: 25/42 MP: 0/12
  3796 | D:5      | Noticed a shadow
  3806 | D:5      | Killed a shadow
  4322 | D:6      | Found a shadowy altar of Dithmenos.
  4336 | D:6      | HP: 2/42 [steam dragon (5)]
  4337 | D:6      | Slain by a steam dragon

Illustrated notes

Levels and vault maps discovered:
D:1:      tarquinn_simple_flora_water_b, layout_loops_corners
D:2:      layout_basic, nicolae_ecumenical_oubliette
D:3:      layout_basic, nrook_mini_vaults
D:4:      layout_cave_pools, gammafunk_temple_overflow_statue, serial_shops,
          shop, minmay_misc_feat_nine_boxes, hex_medium
D:5:      layout_cave_pods, grunt_ministairs_6
D:6:      layout_rooms, mainiacjoe_overflow_catwalk,
          minmay_temple_entry_antechambers, uniq_menkaure

Skill      XL: |  1  2  3  4  5  6  7  8 |
---------------+-------------------------+-----
Long Blades    | 2 3 4 |  4.1
Fighting       | 2 4 |  4.3
Polearms       | 3 5 |  5.6
Dodging        | 4 |  4.5
Throwing       | |  0.8
Armour         | |  0.7
Spellcasting   | |  2.1
Translocations | |  3.0

Action                     |  1- 3 |  4- 6 |  7- 9 || total
---------------------------+-------+-------+-------++-------
  Melee: Falchion          |    94 |    97 |       ||   191
         Bite              |    12 |    37 |    21 ||    70
         Punch             |     1 |     1 |     2 ||     4
         Lance             |       |    67 |   101 ||   168
  Throw: Dart              |       |     2 |       ||     2
    Use: Potion            |       |     4 |       ||     4
         Scroll            |       |     1 |       ||     1
   Stab: Sleeping          |       |     1 |     2 ||     3
         Invisible         |       |     2 |       ||     2
 Armour: Leather armour    |    29 |    36 |    21 ||    86
         Skin              |       |     7 |       ||     7
  Dodge: Dodged            |    46 |    96 |    58 ||   200
         Repelled          |       |     1 |       ||     1

Table legend: (Time is in decaauts)
 A = Elapsed time spent in this place.
 B = Non-inter-level travel time spent in this place.
 C = Inter-level travel time spent in this place.
 D = Time resting spent in this place.
 E = Time spent auto-exploring this place.
 F = Levels seen in this place.
 G = Mean time per level.
                   A        B        C        D        E       F      G
               +--------+--------+--------+--------+--------+-----+--------+
         Total |   4402 |   4216 |    186 |     12 |   3373 |   6 |  733.7 |
       Dungeon |   4402 |   4216 |    186 |     12 |   3373 |   6 |  733.7 |
               +--------+--------+--------+--------+--------+-----+--------+

Top non-repeatable levels by time:
     D:1: 1059 daAuts
     D:5: 935 daAuts
     D:2: 843 daAuts
     D:4: 749 daAuts
     D:3: 730 daAuts
     D:6: 84 daAuts
